 Seeded DCSS version 0.31-a0-1111-ga3525b8 (webtiles) character file.

Game seed: 100574766925336005 (custom seed)

884 edsrzf the Sneak (level 7, -3/27 HPs)
             Began as a Felid Hedge Wizard on Dec 3, 2023.
             Slain by a sleepcap (7 damage)
             ... on level 5 of the Dungeon.
             The game lasted 00:15:03 (6422 turns).

edsrzf the Sneak (Felid Hedge Wizard)               Turns: 6422, Time: 00:15:03

Health: -3/27      AC:  2    Str:  6    XL:     7   Next: 76%
Magic:  14/14      EV: 22    Int: 17    God:
Gold:   143        SH:  0    Dex: 16    Spells: 5/14 levels left
                                        Lives:  0   Deaths: 3

rFire   . .          .
                       - Unarmed
rCold   . . .        (shield unavailable)
rNeg    . . .        (body armour unavailable)
rPois   .            (helmet unavailable)
rElec   .            (cloak unavailable)
rCorr   .            (gloves unavailable)
SInv    +            (boots unavailable)
Will    +....        (no amulet)
Stlth   +++          d - ring of flight
HPRegen 0.24/turn    i - +5 ring of evasion
MPRegen 0.14/turn

%: no passive effects
@: flying, quick
A: very small, claws 1, fangs 3, see invisible, speed 1, shaggy fur 2, stealthy
paws, no weapons or thrown items, no armour, multi-lived
a: no special abilities


You were on level 5 of the Dungeon.
You visited 1 branch of the dungeon, and saw 5 of its levels.
You also visited: Ossuary.

You collected 143 gold pieces.

Inventory:

Jewellery
 c - an amulet of faith {!P}
 d - a ring of flight (left paw)
 i - a +5 ring of evasion (right paw)
Talismans
 h - a flux talisman
Wands
 m - a wand of flame (11)
 q - a wand of mindburst (13)
Scrolls
 b - a scroll of teleportation {@r3}
 e - a scroll of identify {@r1}
 g - a scroll of amnesia
Potions
 a - 5 potions of magic
 f - 2 potions of attraction
 j - a potion of might
 k - a potion of lignification
 l - 3 potions of curing
 n - a potion of invisibility
 o - a potion of haste
 p - a potion of heal wounds


   Skills:
 - Level 2.6 Dodging
 - Level 5.9 Stealth
 - Level 4.2 Unarmed Combat
 - Level 4.0 Spellcasting
 + Level 4.9 Conjurations
 - Level 1.0 Summonings
 - Level 1.5 Translocations
 + Level 2.0 Earth Magic


You had 5 spell levels left.
You knew the following spells:

 Your Spells              Type           Power      Damage    Failure   Level
a - Stone Arrow           Conj/Erth      30%        3d8       12%         3
b - Blink                 Tloc           16%        N/A       13%         2
C - Mephitic Cloud        Conj/Pois/Air  8%         N/A       24%         3
X - Magic Dart            Conj           80%        1d7       2%          1

Your spell library contained the following spells:

 Spells                   Type           Power      Damage    Failure   Level
 Slow                     Hex            12%        N/A       16%         1
 Call Imp                 Summ           12%        N/A       16%         2
 Cigotuvi's Dreadful Rot  Necr/Pois/Air  6%         N/A       24%         2
 Lehudib's Crystal Spear  Conj/Erth      7%         10d3      100%        8
 Animate Armour           Summ/Erth      Unusable   N/A       N/A         4

Dungeon Overview and Level Annotations

Branches:
Dungeon (5/15)            Ossuary (visited)
 Temple: D:4-7

Altars:
Elyvilon

Annotations:
D:2 1 runed translucent door, 1 exclusion


Innate Abilities, Weirdness & Mutations

You have sharp claws.
You have razor-sharp teeth.
You have supernaturally acute eyesight. (SInv)
You cover ground quickly. (Speed+)
You are covered in thick fur. (AC +2)
Your paws help you pounce on unaware monsters.
You are incapable of wielding weapons or throwing items.
You cannot wear armour.
You gain extra lives every three experience levels.


Message History

The magic dart hits the orc but does no damage.
The orc is lightly wounded.
The orc hits you with a +0 club.
Casting: Magic Dart (safe; 2% risk of failure)
Confirm with . or Enter, or press ? or * to list all spells.
The magic dart hits the orc.
The orc is moderately wounded.
The orc misses you.
Your magical contamination has completely faded away.
Casting: Magic Dart (safe; 2% risk of failure)
Confirm with . or Enter, or press ? or * to list all spells.
The magic dart hits the orc.
The orc is heavily wounded.
Casting: Magic Dart (safe; 2% risk of failure)
Confirm with . or Enter, or press ? or * to list all spells.
The magic dart hits the orc.
The orc is almost dead.
The orc completely misses you. x2
The orc hits you but does no damage. The orc attacks as it pursues you!
The orc completely misses you.
The orc throws a boomerang.
The boomerang closely misses you.
There is an open door here.
Casting: Magic Dart (safe; 2% risk of failure)
Confirm with . or Enter, or press ? or * to list all spells.
Aiming: Magic Dart (safe; 2% risk of failure)
Press: ? - help, Shift-Dir - straight line, f/p - orc
Aim: an orc, wielding a +0 club and wearing a +0 scale mail (severely wounded, 100% to hit)
The magic dart hits the orc.
The orc is almost dead.
Casting: Magic Dart (safe; 2% risk of failure)
Confirm with . or Enter, or press ? or * to list all spells.
Aiming: Magic Dart (safe; 2% risk of failure)
Press: ? - help, Shift-Dir - straight line, f/p - orc
Aim: an orc, wielding a +0 club and wearing a +0 scale mail (almost dead, 100% to hit)
The magic dart hits the orc.
You kill the orc!
The orc throws a boomerang.
The boomerang closely misses you.
Unknown command.
Casting: Magic Dart (safe; 2% risk of failure)
Confirm with . or Enter, or press ? or * to list all spells.
Aiming: Magic Dart (safe; 2% risk of failure)
Press: ? - help, Shift-Dir - straight line, f - orc
Aim: an orc, wielding a +0 dagger, wearing a +0 leather armour and quivering boomerangs (100% to hit)
The magic dart hits the orc.
The orc is severely wounded.
The orc throws a boomerang.
The boomerang misses you.
Casting: Magic Dart (safe; 2% risk of failure)
Confirm with . or Enter, or press ? or * to list all spells.
Aiming: Magic Dart (safe; 2% risk of failure)
Press: ? - help, Shift-Dir - straight line, f/p - orc
Aim: an orc, wielding a +0 dagger, wearing a +0 leather armour and quivering boomerangs (severely wounded, 100% to hit)
The magic dart hits the orc but does no damage.
The orc is severely wounded.
Casting: Magic Dart (safe; 2% risk of failure)
Confirm with . or Enter, or press ? or * to list all spells.
Aiming: Magic Dart (safe; 2% risk of failure)
Press: ? - help, Shift-Dir - straight line, f/p - orc
Aim: an orc, wielding a +0 dagger, wearing a +0 leather armour and quivering boomerangs (severely wounded, 100% to hit)
The magic dart hits the orc.
You kill the orc!
There is an open door here.
Items here: ( )) [[ †.
There is a stone staircase leading up, spattered with blood here.
You fly upwards.
There is a stone staircase leading down here.
There is a stone staircase leading down here.
You start resting.
Magic restored.
You fly downwards.
Found 4 large rocks.
There is a stone staircase leading up here.
You reach down and open the door.
There is an open door here.
You reach down and open the door.
There is an open door here.
You reach down and open the door.
There is an open door here.
You reach down and open the door.
An ogre is nearby!
Casting: Magic Dart (safe; 2% risk of failure)
Confirm with . or Enter, or press ? or * to list all spells.
Okay, then.
You reach down and close the door.
You reach down and open the door.
There is an open door here.
Found 12 gold pieces.
Found a stone staircase leading down.
You now have 143 gold pieces (gained 12).
You reach down and open the door.
A sleepcap comes into view.
There is an open door here.
You scratch the sleepcap but do no damage.
The sleepcap releases spores at you.
You are engulfed in a cloud of soporific spores!
You fall asleep.
The sleepcap releases spores at you!!
You wake up.
Ouch! That really hurt!
* * * LOW HITPOINT WARNING * * *
The sleepcap attacks as it pursues you! The sleepcap releases spores at you!
You die...

#......# #####..#
#......# #......#
#......# #......#
#......#########'######
#......................
#..................<...
#......................
#......................
#>....@########....####
#......f......#....#..'
#......#......#....#..#
#......#..##..#....#..#
#......##+# #....#..#
#......+ #....#..#
#......# #....#..#
#......# #....#+##
#.......


You could see a sleepcap.

Vanquished Creatures
  A hornet zombie (Ossuary)
  2 wyvern zombies (Ossuary)
  A water moccasin zombie (Ossuary)
  3 centaur zombies (Ossuary)
  6 bullfrog zombies (Ossuary)
  2 hounds (D:4)
  A howler monkey zombie (Ossuary)
  10 mummies (Ossuary)
  A gnoll (D:4)
  An adder (D:2)
  3 dart slugs
  5 orcs
  4 ball pythons
  4 bats
  9 endoplasms
  6 giant cockroaches
  11 goblins
  7 hobgoblins
  9 jackals
  6 kobolds
  4 quokkas
  4 frilled lizards
  2 jackal zombies (D:4)
  5 rats
  A rat zombie (D:4)
108 creatures vanquished.

Notes
Turn   | Place    | Note
-------+----------+-------------------------------------------
     0 | D:1      | edsrzf the Felid Hedge Wizard began the quest for the Orb.
     0 | D:1      | Reached XP level 1. HP: 7/7 MP: 5/5
    54 | D:1      | Reached skill level 1 in Conjurations
   216 | D:1      | Reached skill level 3 in Stealth
   445 | D:1      | Reached XP level 2. HP: 11/11 MP: 2/7
  1180 | D:1      | Reached skill level 4 in Stealth
  1249 | D:1      | Reached skill level 2 in Conjurations
  1249 | D:1      | Reached XP level 3. HP: 14/14 MP: 0/8
  1258 | D:1      | Learned a level 2 spell: Blink
  1262 | D:1      | Learned a level 3 spell: Mephitic Cloud
  2309 | D:2      | Found a runed translucent door.
  2857 | D:3      | Reached XP level 4. HP: 18/18 MP: 5/9
  3749 | D:4      | Identified a potion of ambrosia
  3761 | D:4      | Reached skill level 5 in Stealth
  3988 | D:4      | Identified 4 scrolls of teleportation
  3989 | D:4      | Identified 2 scrolls of identify
  3989 | D:4      | Identified a potion of heal wounds
  3990 | D:4      | Identified 2 scrolls of amnesia
  3991 | D:4      | Identified a scroll of enchant weapon
  4024 | D:4      | Reached skill level 3 in Conjurations
  4043 | D:4      | Identified a scroll of vulnerability
  4044 | D:4      | Identified a scroll of noise
  4228 | D:4      | Reached XP level 5. HP: 19/21 MP: 0/10
  4250 | D:4      | Identified a scroll of enchant armour
  4269 | D:4      | Found a white marble altar of Elyvilon.
  4305 | D:4      | Found a sand-covered staircase.
  4311 | Ossuary  | Entered an ossuary
  4320 | Ossuary  | Identified a potion of lignification
  4394 | Ossuary  | Reached skill level 2 in Unarmed Combat
  4414 | Ossuary  | Gained mutation: You are covered in thick fur. (AC +2)
                  | [Felid growth]
  4414 | Ossuary  | Reached XP level 6. HP: 24/24 MP: 8/11
  4467 | Ossuary  | Reached skill level 3 in Unarmed Combat
  4513 | Ossuary  | Identified a potion of berserk rage
  4522 | Ossuary  | Reached skill level 4 in Unarmed Combat
  4582 | Ossuary  | Identified a potion of degeneration
  4582 | Ossuary  | Slain by a wyvern zombie
  4716 | Ossuary  | Slain by a wyvern zombie
  4830 | Ossuary  | Learned a level 3 spell: Stone Arrow
  4917 | Ossuary  | Reached XP level 7. HP: 27/27 MP: 7/13
  4995 | Ossuary  | Reached skill level 4 in Conjurations
  5033 | Ossuary  | Slain by a hornet zombie
  5088 | Ossuary  | Reached skill level 4 in Spellcasting
  5261 | Ossuary  | Reached skill level 1 in Earth Magic
  5430 | Ossuary  | Identified a potion of attraction
  5450 | Ossuary  | Identified a potion of might
  5455 | Ossuary  | Identified a potion of curing
  5458 | Ossuary  | Identified a potion of invisibility
  5466 | Ossuary  | Identified a potion of haste
  6093 | D:5      | Entered Level 5 of the Dungeon
  6171 | D:5      | Reached skill level 2 in Earth Magic
  6422 | D:5      | Slain by a sleepcap

Illustrated notes

Levels and vault maps discovered:
D:1:      lemuel_arrival_funnel, layout_loops_ring
D:2:      layout_rooms, uniq_crazy_yiuf_cottage
D:3:      layout_loops_corners, hangedman_feature_mirror
D:4:      layout_loops_ring, mainiacjoe_overflow_chevrons, enter_ossuary_3,
          minmay_ruptured
D:5:      layout_gridville, nemelex_diamond_rough_becter,
          mainiacjoe_overflow_brackets, temple_hall

Skill      XL: |  1  2  3  4  5  6  7 |
---------------+----------------------+-----
Conjurations   | 1 2 3 4 |  4.9
Stealth        | 3 4 5 |  5.9
Unarmed Combat | 2 4 |  4.2
Spellcasting   | 4 |  4.0
Earth Magic    | 2 |  2.0
Dodging        | |  2.6
Summonings     | |  1.0
Translocations | |  1.5

Action                     |  1- 3 |  4- 6 |  7- 9 || total
---------------------------+-------+-------+-------++-------
  Melee: Unarmed           |     9 |   100 |    51 ||   160
         Bite              |     2 |    11 |     5 ||    18
         Punch             |       |     3 |     1 ||     4
   Cast: Magic Dart        |   133 |   158 |    88 ||   379
    Use: Scroll            |       |    10 |     5 ||    15
         Potion            |       |     5 |       ||     5
   Stab: Sleeping          |       |     1 |       ||     1
         Distracted        |       |       |     1 ||     1
 Armour: Skin              |    14 |    83 |    27 ||   124
  Dodge: Dodged            |    22 |   133 |    61 ||   216

Table legend: (Time is in decaauts)
 A = Elapsed time spent in this place.
 B = Non-inter-level travel time spent in this place.
 C = Inter-level travel time spent in this place.
 D = Time resting spent in this place.
 E = Time spent auto-exploring this place.
 F = Levels seen in this place.
 G = Mean time per level.
                   A        B        C        D        E       F      G
               +--------+--------+--------+--------+--------+-----+--------+
         Total |   5789 |   5618 |    171 |   1944 |   2341 |   6 |  964.8 |
       Dungeon |   4536 |   4365 |    171 |   1188 |   2220 |   5 |  907.2 |
       Ossuary |   1253 |   1253 |      0 |    756 |    121 |   1 | 1253.0 |
               +--------+--------+--------+--------+--------+-----+--------+

Top non-repeatable levels by time:
     D:1: 1656 daAuts
 Ossuary: 1253 daAuts
     D:3: 1134 daAuts
     D:4: 919 daAuts
     D:2: 638 daAuts
     D:5: 187 daAuts
